 Dungeon Crawl Stone Soup version 0.30-a0-141-g30f27751c5 (webtiles) character file.

Game seed: 2203775872004373756

331 qw the Chopper (level 6, -6/39 HPs)
             Began as a Gargoyle Fighter on Sept 25, 2022.
             Mangled by a gnoll
             ... wielding a +0 halberd
             ... led by a gnoll bouda
              (11 damage)
             ... on level 5 of the Dungeon.
             The game lasted 00:01:33 (4148 turns).

qw the Chopper (Gargoyle Fighter)                   Turns: 4148, Time: 00:01:34

Health: -6/39      AC: 19    Str: 22    XL:     6   Next: 52%
Magic:  6/6        EV:  6    Int:  8    God:
Gold:   88         SH:  6    Dex:  9    Spells: 5/5 levels left

rFire   . . .      SeeInvis .    Y - +0 war axe
rCold   . . .      Faith    .    o - +2 buckler
rNeg    + . .      Spirit   .    e - +0 plate armour
rPois   inf        Reflect  .    g - +2 hat
rElec   +          Harm     .    (no cloak)
rCorr   .          Rampage  .    (no gloves)
Will    .....                    f - +0 pair of boots
Stlth   ..........               (no amulet)
HPRegen 0.13/turn                (no ring)
MPRegen 0.10/turn                (no ring)

@: about to teleport, weakened
A: sickness immunity, AC +4, negative energy resistance 1, electricity
resistance, torment resistance 1, petrification resistance
a: no special abilities


You were on level 5 of the Dungeon.
You visited 1 branch of the dungeon, and saw 5 of its levels.

You collected 280 gold pieces.
You spent 192 gold pieces at shops.


Innate Abilities, Weirdness & Mutations

You are immune to sickness and miasma.
Your stone body is resilient. (AC +4)
You are immune to poison.
You resist negative energy. (rN+)
You are resistant to electric shocks. (rElec)
You are resistant to unholy torment.
You are immune to petrification.


   Skills:
 - Level 4.5 Fighting
 + Level 5.3 Axes
 - Level 1.0 Throwing
 - Level 3.2 Armour
 - Level 3.2 Shields


You had 5 spell levels left.
You didn't know any spells.
Your spell library was empty.

Inventory:

Hand Weapons
 s - a +2 whip of draining
 Y - a +0 war axe (weapon)
Missiles
 m - a boomerang (quivered)
Armour
 c - a +0 chain mail of cold resistance
 e - a +0 plate armour (worn)
 f - a +0 pair of boots (worn)
 g - a +2 hat (worn)
 j - a +0 pair of gloves
 o - a +2 buckler (worn)
Scrolls
 b - a scroll of identify
 h - 3 scrolls of teleportation
Potions
 a - 2 potions of mutation
 d - 2 potions of might
 k - a potion of cancellation {unknown}
 l - a potion of resistance
 n - a potion of attraction {unknown}
 q - a potion of curing {unknown}

Dungeon Overview and Level Annotations

Branches:
Dungeon (5/15)
 Temple: D:4-7

Altars:
Elyvilon
Ru
Xom
Zin
The Shining One

Shops:
D:4 =   D:5 [


Message History

The gnoll bouda is severely wounded.
You barely miss the hound. The hound bites you. You block the gnoll's attack.
The hound closely misses you.
The gnoll bouda hits you with a +0 whip.
You hit the gnoll bouda.
The gnoll bouda is almost dead.
You hit the hound. The hound completely misses you.
The gnoll hits you but does no damage.
The gnoll bouda gazes fiercely through you!
You feel your attacks grow feeble.
The gnoll bouda hits you but does no damage.
You block the hound's attack. The gnoll closely misses you.
You barely miss the gnoll bouda.
The gnoll bouda is almost dead.
You barely miss the hound. The hound bites you.
The gnoll bouda hits you but does no damage.
A gnoll comes into view. It is wielding a +0 spear.
The gnoll barely misses you. The hound bites you but does no damage.
You barely miss the gnoll bouda.
The gnoll bouda is almost dead.
You barely miss the hound.
The gnoll shouts!
The gnoll is no longer moving quickly.
The gnoll bouda hits you with a +0 whip!
You block the hound's attack. You block the gnoll's attack.
The hound bites you but does no damage.
The gnoll bouda barks out a call to the hunt!
The gnolls pick up the pace!
4147 ||| READING 4 scrolls of teleportation.
As you read the scroll of teleportation, it crumbles to dust.
You feel strangely unstable. The gnoll hits you but does no damage.
The hound bites you. The gnoll bouda closely misses you.
You slash the gnoll bouda!
You kill the gnoll bouda!
You hit the hound. You block the hound's attack.
The gnoll hits you from afar with a +0 halberd!
You die...

...#.........# ..##..
...#.........#...
.....
...#.........#...
.....
#####..##....#.>.
....
..###..##....#..# ..#
.............#..##..#
.......##...##......#
.......##...##..)h..#
#########.......@...#
#..##.......##g.#
#..........)# ..#
#...........' .g..
+...........#.g....
#<..........######..
#..##.......# ..
#..##........
#............


You could see a hound and a gnoll (swift).

Vanquished Creatures
  A bullfrog (D:4)
  3 hounds
  A gnoll bouda (D:5)
  An orc wizard (D:5)
  3 adders (D:4)
  2 gnolls (D:5)
  3 worms
  A dart slug (D:1)
  4 orcs (D:5)
  15 endoplasms
  2 giant cockroaches
  5 goblins
  10 hobgoblins
  6 jackals (D:4)
  7 quokkas
  4 ball pythons
  5 bats
  7 frilled lizards
  5 kobolds
  7 rats
92 creatures vanquished.

Vanquished Creatures (others)
  A fungus (D:2)
  A plant (D:2)
2 creatures vanquished.

Grand Total: 94 creatures vanquished

Notes
Turn   | Place    | Note
-------+----------+-------------------------------------------
     0 | D:1      | qw the Gargoyle Fighter began the quest for the Orb.
     0 | D:1      | Reached XP level 1. HP: 14/14 MP: 1/1
     0 | D:1      | 0 ||| qw: Version: 0.2-a-10-g399e6c4
     0 | D:1      | 0 ||| qw: Game counter: 183
     0 | D:1      | 0 ||| qw: Always use a shield: true
     0 | D:1      | 0 ||| qw: God list: Okawaru
     0 | D:1      | 0 ||| qw: Allow faded altars: false
     0 | D:1      | 0 ||| qw: Do Orc after D:15 true
     0 | D:1      | 0 ||| qw: Do second Lair branch before Depths: true
     0 | D:1      | 0 ||| qw: Lair rune preference: random
     0 | D:1      | 0 ||| qw: Plans: Normal, Zot:1-4, God:TSO, Crypt, Tomb,
                  | Pan, Slime:5, Hells, Abyss, Orb
     0 | D:1      | 0 ||| PLANNING D:1-11
    91 | D:1      | 91 ||| Stepping ~*~*~tactically~*~*~ (stealth).
    94 | D:1      | Reached skill level 2 in Axes
   257 | D:1      | Reached XP level 2. HP: 10/19 MP: 2/2
   874 | D:1      | Reached skill level 3 in Axes
   956 | D:1      | Reached XP level 3. HP: 23/23 MP: 3/3
  1227 | D:1      | 1227 ||| UPGRADING to +0 plate armour.
  1237 | D:1      | 1237 ||| DROPPING +0 scale mail.
  1238 | D:1      | 1238 ||| READING scroll labelled ELIOTU KIRGHEIFEK.
  1241 | D:1      | 1241 ||| READING scroll labelled XEBENYF XYIJO.
  1242 | D:1      | 1242 ||| DRINKING 3 white potions.
  1243 | D:1      | 1243 ||| DROPPING 2 potions of magic.
  1279 | D:2      | 1279 ||| Stepping ~*~*~tactically~*~*~ (stealth).
  1320 | D:2      | Found a faded altar of an unknown god.
  1467 | D:2      | 1467 ||| DROPPING +0 club.
  2113 | D:2      | 2113 ||| UPGRADING to +0 pair of boots.
  2118 | D:2      | 2118 ||| UPGRADING to +2 hat.
  2123 | D:2      | 2123 ||| READING scroll labelled GYATOST FOSCHAY.
  2124 | D:2      | 2124 ||| READING 2 scrolls labelled FESININGO LOOM.
  2125 | D:2      | 2125 ||| DRINKING 2 brown potions.
  2333 | D:3      | Reached XP level 4. HP: 21/28 MP: 4/4
  2489 | D:3      | Found a glowing golden altar of the Shining One.
  2532 | D:3      | Reached skill level 4 in Axes
  2635 | D:3      | Found a shimmering altar of Xom.
  2636 | D:3      | Found a sacrificial altar of Ru.
  2636 | D:3      | Found a white marble altar of Elyvilon.
  2637 | D:3      | Found a glowing silver altar of Zin.
  2764 | D:3      | 2764 ||| READING 2 scrolls of identify.
  2764 | D:3      | 2764 ||| IDENTIFYING viscous coppery potion
  2855 | D:4      | Found Fanautwy's Jewellery Shoppe.
  2864 | D:4      | 2864 ||| SHOPLISTING +4 ring of protection (468 gold, have
                  | 146).
  2864 | D:4      | 2864 ||| SHOPLISTING +4 ring of slaying (1014 gold, have
                  | 146).
  2864 | D:4      | 2864 ||| SHOPLISTING +6 ring of dexterity (468 gold, have
                  | 146).
  2864 | D:4      | 2864 ||| SHOPLISTING +6 ring of strength (468 gold, have
                  | 146).
  2883 | D:4      | 2883 ||| Stepping ~*~*~tactically~*~*~ (stealth).
  2920 | D:4      | Reached XP level 5. HP: 14/32 MP: 5/5
  3152 | D:4      | Reached skill level 5 in Axes
  3163 | D:4      | 3163 ||| Stepping ~*~*~tactically~*~*~ (stealth).
  3165 | D:4      | 3165 ||| Stepping ~*~*~tactically~*~*~ (stealth).
  3481 | D:4      | Reached XP level 6. HP: 37/39 MP: 6/6
  3778 | D:4      | 3778 ||| DROPPING +0 whip.
  3847 | D:4      | 3847 ||| UPGRADING to +2 buckler.
  3857 | D:4      | 3857 ||| DROPPING +0 buckler.
  3858 | D:4      | 3858 ||| READING scroll labelled SIFO MIMIRPH.
  3859 | D:4      | 3859 ||| READING 2 scrolls of identify.
  3859 | D:4      | 3859 ||| IDENTIFYING clear potion
  3868 | D:5      | Entered Level 5 of the Dungeon
  3909 | D:5      | Found Fillu's Armour Shop.
  3915 | D:5      | 3915 ||| BUYING +0 chain mail of cold resistance (138
                  | gold).
  3915 | D:5      | Bought a +0 chain mail of cold resistance for 138 gold
                  | pieces
  3915 | D:5      | 3915 ||| BUYING +0 pair of gloves (54 gold).
  3915 | D:5      | Bought a +0 pair of gloves for 54 gold pieces
  3966 | D:5      | Reached skill level 1 in Throwing
  4109 | D:5      | HP: 7/39 [iguana (5)]
  4110 | D:5      | 4110 ||| READING 5 scrolls of teleportation.
  4111 | D:5      | 4111 ||| DRINKING potion of heal wounds.
  4128 | D:5      | 4128 ||| Stepping ~*~*~tactically~*~*~ (stealth).
  4130 | D:5      | 4130 ||| Stepping ~*~*~tactically~*~*~ (stealth).
  4131 | D:5      | 4131 ||| Stepping ~*~*~tactically~*~*~ (hiding).
  4132 | D:5      | 4132 ||| Stepping ~*~*~tactically~*~*~ (hiding).
  4133 | D:5      | 4133 ||| Stepping ~*~*~tactically~*~*~ (hiding).
  4146 | D:5      | HP: 7/39 [gnoll bouda/+0 whip (8)]
  4147 | D:5      | 4147 ||| READING 4 scrolls of teleportation.
  4148 | D:5      | Mangled by a gnoll

Levels and vault maps discovered:
D:1:      psy_arrival_radial01, layout_basic, minivault_19
D:2:      layout_loops_ring, dreamdust_ecumenical_altar_grove
D:3:      layout_rooms, chequers_temple_overflow_statue_of_worship,
          mainiacjoe_overflow_concentric_impassable
D:4:      layout_basic, nrook_campfire, minmay_shop_enchanted_jewellery,
          chequers_serial_rivers_small_3, grunt_ministairs_11,
          columned_hall_lemuel
D:5:      layout_gridville, serial_shops,
          nicolae_shop_temple_entry_statues_fountains

Skill      XL: |  1  2  3  4  5  6 |
---------------+-------------------+-----
Axes           | 2 3 4 5 |  5.3
Fighting       | 4 |  4.5
Throwing       | 1 |  1.0
Armour         | |  3.2
Shields        | |  3.2

Action                   |  1- 3 |  4- 6 || total
-------------------------+-------+-------++-------
Melee: War axe           |   137 |   150 ||   287
Throw: Boomerang         |       |    46 ||    46
       Javelin           |       |     5 ||     5
  Use: Scroll            |     4 |     5 ||     9
       Potion            |     2 |     1 ||     3
Armor: Scale mail        |    16 |       ||    16
       Plate armour      |    41 |   142 ||   183
Dodge: Dodged            |    43 |    67 ||   110
Block: Buckler           |    23 |    48 ||    71

Table legend:
 A = Non-vault XP
 B = Vault XP
 C = Vault XP percentage of total XP
 D = Non-vault monster count
 E = Vault monster count
 F = Vault count percentage of total count
                 A         B        C        D         E       F
            +---------+---------+-------+---------+---------+-------
      Total |     514 |       2 |   0.4 |      91 |       1 |   1.1
            +---------+---------+-------+---------+---------+-------
        D:1 |      37 |       0 |   0.0 |      20 |       0 |   0.0
        D:2 |      34 |       0 |   0.0 |      23 |       0 |   0.0
        D:3 |      32 |       0 |   0.0 |      16 |       0 |   0.0
        D:4 |     254 |       2 |   0.8 |      23 |       1 |   4.2
        D:5 |     157 |       0 |   0.0 |       9 |       0 |   0.0
            +---------+---------+-------+---------+---------+-------
